Map: 2000 Atmospheres LE

Players

Neeb

  • Race: Protoss Protoss

Vindicta - Winner!

  • Race: Terran Terran

Event: DreamHack SC2 Masters 2021 Winter

VOD

Have the link to the VOD?

Description

Time

  • Played on: Oct. 5, 2021, 4:21 p.m.
  • Length: 21:56

All games in this series

Show
View Real Time Build Order
Export as new Build Order

Neeb Protoss 

Build Orders: 1 Gate Expand, Phoenix Opening 

Get SALT Encoding   

  12  0:00  Probe  
  13  0:12  Probe  
  14  0:19  Pylon  
  14  0:24  Probe  
  15  0:37  Probe (Chrono Boost)  
  15  0:38  Gateway  
  16  0:46  Probe (Chrono Boost)  
  16  0:47  Assimilator  
  17  0:51  Probe (Chrono Boost)  
  18  1:03  Probe  
  19  1:15  Probe  
  20  1:25  Cybernetics Core  
  20  1:33  Nexus  
  20  1:36  Probe  
  21  1:43  Pylon  
  21  1:48  Probe  
  21  1:50  Assimilator  
  22  1:58  Adept (Chrono Boost)  
  22  2:00  Probe  
  25  2:12  Probe  
  26  2:18  Adept (Chrono Boost)  
  28  2:25  Probe  
  28  2:26  Stargate  
  29  2:31  Shield Battery  
  30  2:38  Probe (Chrono Boost)  
  30  2:45  Probe (Chrono Boost), Adept  
  34  2:52  Warp Gate  
  34  2:55  Probe x2 (Chrono Boost)  
  35  3:00  Probe (Chrono Boost)  
  35  3:01  Probe (Chrono Boost)  
  37  3:12  Probe  
  38  3:13  Probe, Phoenix (Chrono Boost)  
  41  3:24  Probe  
  41  3:26  Probe  
  43  3:30  Nexus  
  43  3:33  Pylon  
  43  3:36  Probe  
  43  3:38  Probe  
  45  3:47  Gateway  
  45  3:49  Void Ray (Chrono Boost)  
  45  3:51  Probe  
  45  3:54  Gateway  
  46  4:01  Probe  
  51  4:04  Shield Battery  
  51  4:07  Probe  
  52  4:11  Assimilator  
  52  4:13  Probe  
  52  4:16  Pylon  
  53  4:23  Probe  
  54  4:29  Void Ray (Chrono Boost)  
  54  4:31  Pylon  
  54  4:34  Probe  
  59  4:39  Pylon  
  59  4:40  Stalker  
  59  4:43  Stalker  
  63  4:48  Stalker  
  63  4:49  Probe x3  
  68  5:01  Probe x2  
  68  5:04  Stalker  
  68  5:05  Probe  
  68  5:06  Stalker  
  75  5:12  Forge  
  75  5:13  Stalker, Twilight Council  
  77  5:16  Probe  
  77  5:18  Probe  
  79  5:22  Probe  
  79  5:28  Probe  
  81  5:30  Probe  
  81  5:31  Sentry  
  81  5:32  Stalker  
  81  5:34  Probe  
  87  5:35  Pylon  
  87  5:37  Pylon  
  87  5:40  Stalker, Charge (Chrono Boost)  
  87  5:41  Probe  
  90  5:43  Probe  
  90  5:46  Probe  
  92  5:50  Robotics Facility  
  92  5:56  Probe x2  
  94  5:58  Assimilator  
  94  5:59  Protoss Ground Armor Level 1 (Chrono Boost), Probe, Assimilator  
  95  6:07  Shield Battery  
  95  6:08  Probe  
  95  6:09  Shield Battery  
  96  6:12  Probe x2, Pylon  
  96  6:15  Pylon  
  98  6:21  Gateway  
  98  6:22  Gateway x2  
  98  6:24  Probe  
  98  6:25  Probe x2  
  100  6:26  Pylon  
  101  6:36  Immortal (Chrono Boost)  
  101  6:37  Assimilator  
  105  6:43  Stalker x3  
  109  6:49  Photon Cannon  
  109  6:53  Robotics Bay  
  109  7:02  Templar Archives  
  109  7:05  Gateway  
  109  7:06  Immortal (Chrono Boost), Gateway, Pylon  
  112  7:15  Zealot x4  
  118  7:26  Shield Battery  
  118  7:27  Pylon  
  118  7:29  Sentry  
  120  7:30  Zealot  
  120  7:33  Photon Cannon  
  120  7:40  Observer  
  120  7:42  Zealot x3  
  121  7:55  Stalker x3  
  121  7:58  Colossus (Chrono Boost)  
  114  7:59  Probe  
  99  8:05  Zealot  
  99  8:06  Zealot x2  
  99  8:07  Probe  
  99  8:10  Probe  
  99  8:12  Probe  
  98  8:13  Protoss Ground Weapons Level 1 (Chrono Boost)  
  98  8:14  Extended Thermal Lance  
  98  8:19  Probe  
  99  8:22  Zealot  
  99  8:23  Zealot x2  
  105  8:30  Zealot x3  
  111  8:42  Warp Prism (Chrono Boost)  
  113  8:50  Forge  
  113  8:54  Zealot, High Templar x3  
  113  8:55  Zealot x3, High Templar  
  127  8:57  Photon Cannon  
  127  8:58  Archon  
  127  9:01  Archon  
  127  9:02  Nexus  
  129  9:03  Pylon  
  129  9:10  Colossus (Chrono Boost)  
  135  9:19  Zealot x3  
  139  9:26  High Templar  
  139  9:27  Zealot, High Templar  
  139  9:28  Zealot  
  147  9:31  Archon, Shield Battery  
  145  9:47  Zealot x2, High Templar x2  
  145  9:48  Protoss Ground Armor Level 2 (Chrono Boost)  
  145  9:52  Pylon x2  
  153  9:54  Archon  
  153  9:56  Zealot x2  
  153  9:57  Pylon  
  153  9:59  Pylon  
  157  10:08  Probe  
  157  10:11  Zealot x4  
  159  10:21  Zealot x3  
  153  10:26  Colossus (Chrono Boost)  
  139  10:31  Probe x2  
  139  10:32  Probe  
  139  10:34  Probe  
  149  10:41  Photon Cannon  
  149  10:42  Shield Battery  
  149  10:43  Probe  
  148  10:52  High Templar x3  
  148  10:53  High Templar  
  148  10:54  Zealot x3  
  162  10:57  Archon  
  162  11:00  Archon  
  152  11:05  Probe x2  
  148  11:14  Protoss Ground Weapons Level 2 (Chrono Boost), Zealot x3  
  148  11:15  Colossus (Chrono Boost)  
  148  11:17  Gateway  
  153  11:21  Robotics Facility  
  159  11:26  Probe x2  
  159  11:28  Zealot x3  
  159  11:30  Stalker  
  167  11:46  Probe x2  
  169  11:47  Probe x2  
  169  11:51  High Templar x4  
  169  11:52  Zealot x2  
  183  11:55  Archon  
  183  11:56  Archon  
  183  11:58  Probe  
  183  12:00  Probe  
  181  12:07  Zealot  
  179  12:14  Zealot x2  
  182  12:17  Probe  
  171  12:23  Probe  
  171  12:25  Zealot x3  
  171  12:29  Probe  
  168  12:38  Stalker x2  
  168  12:40  Stalker  
  168  12:41  Probe  
  151  12:45  Probe  
  151  12:46  Probe  
  145  12:53  Colossus x2 (Chrono Boost)  
  157  13:05  Pylon  
  157  13:09  Zealot  
  157  13:10  Zealot x3  
  160  13:17  Stalker x2  
  160  13:18  Pylon  
  164  13:21  Protoss Ground Armor Level 3 (Chrono Boost)  
  164  13:28  Assimilator  
  164  13:30  Probe x2  
  164  13:31  Pylon  
  164  13:33  Pylon  
  166  13:38  Zealot x2, High Templar x2, Assimilator  
  174  13:43  Gateway  
  174  13:44  Archon  
  174  13:45  Gateway  
  174  13:46  Warp Prism (Chrono Boost)  
  174  13:48  Gateway  
  174  13:49  Gateway  
  174  13:55  Zealot x2  
  180  13:56  Probe x2  
  180  13:59  Nexus  
  180  14:02  Blink  
  182  14:09  Dark Shrine  
  182  14:16  Stalker x3  
  188  14:26  Probe x4, Protoss Ground Weapons Level 3 (Chrono Boost)  
  188  14:27  Pylon  
  192  14:35  Disruptor (Chrono Boost)  
  195  14:38  Probe  
  195  14:45  Probe, Disruptor (Chrono Boost)  
  200  14:46  Photon Cannon  
  200  14:47  Shield Battery  
  200  15:00  Photon Cannon  
  200  15:03  Photon Cannon  
  200  15:10  Photon Cannon  
  198  15:18  Zealot  
  200  15:29  Shadow Stride  
  198  15:43  Photon Cannon  
  198  15:44  Photon Cannon  
  198  15:48  Assimilator  
  198  15:50  Assimilator  
  167  16:12  Zealot x11  
  167  16:13  Disruptor x2 (Chrono Boost)  
  123  16:33  High Templar x2  
  123  16:34  High Templar x4  
  123  16:35  Zealot x4  
  123  16:36  Disruptor x2 (Chrono Boost)  
  123  16:38  Archon x2  
  147  16:40  Archon  
  131  16:48  Zealot  
  131  16:49  Probe x2  
  121  16:55  Zealot x4  
  121  16:57  Probe x2  
  123  17:07  Zealot x6  
  133  17:08  Probe x2  
  133  17:10  Disruptor x2 (Chrono Boost)  
  141  17:17  Dark Templar x2  
  141  17:18  Dark Templar x2  
  141  17:21  Pylon  
  141  17:22  Nexus  
  147  17:23  Zealot  
  147  17:30  Probe x2  
  147  17:32  Probe x2  
  151  17:37  Disruptor x2 (Chrono Boost)  
  151  17:43  Zealot x7  
  171  17:45  Probe x3  
  172  18:03  Zealot x7  
  172  18:04  Zealot x4  
  194  18:09  Pylon  
  194  18:15  Disruptor x2  
  200  18:20  Pylon  
  198  18:36  Pylon  
  170  18:55  High Templar x2  
  178  18:56  Zealot x4, High Templar x2  
  192  19:04  Archon x2  
  187  19:12  Nexus  
  181  19:27  Nexus  
  175  19:34  High Templar x5  
  175  19:35  High Templar  
  185  19:39  Stalker x3  
  185  19:41  Archon x2  
  175  20:07  Archon  
  175  20:12  Pylon  
  151  20:18  Stalker x7  
  159  20:34  Dark Templar  
  161  20:36  Zealot x3  
  161  20:41  Zealot x6  
  179  20:51  Zealot  
  177  20:58  Stalker x2  
  173  21:17  Stalker  
  154  21:19  Stalker x3  
  138  21:32  Stalker  
  106  21:49  Zealot x5  
Show
View Real Time Build Order
Export as new Build Order

Vindicta Terran - Winner!

Build Orders:  

Get SALT Encoding   

  12  0:00  SCV  
  13  0:12  SCV  
  14  0:18  Supply Depot  
  14  0:24  SCV  
  15  0:40  SCV  
  15  0:42  Barracks  
  16  0:45  Refinery  
  16  0:52  SCV  
  17  1:04  SCV  
  18  1:16  SCV  
  19  1:30  Orbital Command, Marine  
  20  1:42  Command Center  
  20  1:49  Barracks Reactor  
  20  1:54  Supply Depot  
  20  1:57  SCV  
  21  2:09  SCV  
  21  2:10  Barracks  
  22  2:19  Barracks  
  22  2:21  SCV  
  23  2:24  Marine  
  23  2:25  Marine  
  25  2:30  Bunker  
  25  2:33  SCV  
  26  2:42  Marine x2  
  28  2:45  SCV  
  29  2:52  Refinery  
  29  2:54  Orbital Command  
  29  2:57  SCV  
  29  2:58  Barracks Tech Lab  
  30  3:01  Marine  
  31  3:05  Marine  
  31  3:09  SCV, Barracks Tech Lab  
  32  3:17  Marine  
  32  3:18  Stimpack  
  32  3:19  Marine  
  34  3:23  SCV, Marine  
  37  3:27  SCV  
  37  3:32  Combat Shield  
  37  3:33  Marine  
  38  3:35  SCV  
  38  3:39  SCV  
  38  3:41  Supply Depot  
  40  3:45  Marauder  
  40  3:47  SCV, Marine  
  44  3:51  Marauder  
  46  3:57  Supply Depot  
  46  4:02  SCV x2, Marine  
  49  4:08  Engineering Bay  
  49  4:10  Marine x2  
  49  4:15  SCV x2  
  49  4:16  Refinery, Marine  
  54  4:25  Factory  
  54  4:27  Supply Depot, SCV  
  54  4:28  SCV  
  54  4:29  Marine  
  57  4:31  Marine  
  57  4:33  Marine  
  59  4:39  SCV  
  59  4:41  Marine  
  59  4:43  SCV  
  59  4:44  Terran Infantry Weapons Level 1  
  62  4:49  Marine x2  
  62  4:51  Supply Depot, SCV, Marine  
  66  4:57  Supply Depot, SCV  
  66  4:58  Concussive Shells  
  69  5:00  Marauder  
  69  5:03  SCV  
  70  5:09  Starport  
  70  5:10  Factory Reactor  
  70  5:12  SCV, Marine  
  72  5:14  Supply Depot  
  72  5:17  Marine  
  75  5:22  Marine  
  75  5:24  SCV  
  75  5:29  Barracks  
  75  5:30  Barracks, Marine  
  75  5:31  Refinery  
  75  5:32  Marine  
  75  5:35  SCV  
  77  5:40  SCV  
  78  5:44  Marine x2  
  78  5:46  Ghost Academy  
  80  5:50  SCV  
  80  5:53  Factory Tech Lab  
  81  5:58  SCV  
  81  6:01  Supply Depot x2  
  81  6:02  Medivac x2  
  81  6:04  Marine  
  86  6:05  Marine  
  90  6:12  Supply Depot  
  90  6:15  Ghost  
  90  6:18  Ghost  
  90  6:20  Barracks Reactor x2  
  90  6:23  Barracks Tech Lab  
  92  6:26  Siege Tank  
  92  6:30  Marine  
  92  6:32  Marine  
  97  6:33  SCV  
  97  6:38  Terran Infantry Armor Level 1  
  98  6:41  Missile Turret  
  98  6:42  Marine  
  98  6:44  Marine  
  98  6:47  Marine  
  100  6:48  Marine  
  100  6:50  Medivac, Marine  
  105  6:59  Ghost  
  107  7:01  Marine  
  107  7:04  Ghost  
  107  7:06  Command Center  
  110  7:09  Siege Tank  
  110  7:10  Missile Turret  
  110  7:13  Marine  
  113  7:17  Marine  
  113  7:18  SCV  
  113  7:20  Marauder, Marine  
  118  7:32  Supply Depot x2  
  118  7:34  Enhanced Shockwaves  
  118  7:38  Medivac, Marine  
  118  7:44  Marine  
  115  7:54  Medivac  
  115  7:56  Marine  
  115  7:57  Marauder, Marine  
  115  8:03  Marauder, Marine  
  115  8:04  Marine  
  103  8:08  Medivac  
  103  8:09  SCV  
  103  8:10  SCV  
  99  8:14  Marine  
  99  8:15  Marine  
  99  8:19  Marauder  
  103  8:21  SCV, Marine  
  103  8:22  SCV, Siege Tank  
  103  8:24  Medivac  
  103  8:25  Marine  
  113  8:27  Orbital Command  
  113  8:32  Marine  
  113  8:33  Marauder x2, Marine  
  116  8:38  Viking, Marine  
  116  8:39  SCV  
  116  8:40  Marauder  
  115  8:42  Marine  
  115  8:46  SCV  
  117  8:50  Refinery  
  117  8:51  SCV, Refinery  
  122  8:59  SCV  
  122  9:00  Marine x2  
  122  9:01  Marine  
  128  9:02  Medivac  
  128  9:04  SCV  
  128  9:08  Medivac  
  128  9:09  Marauder x2  
  132  9:10  Siege Tank  
  132  9:11  SCV  
  132  9:12  Marauder  
  132  9:15  Marine  
  138  9:18  Marine x3  
  138  9:23  SCV x2  
  143  9:27  Supply Depot x2  
  143  9:30  Marauder x2  
  146  9:32  Marine  
  146  9:36  Marine  
  150  9:44  Armory, Command Center  
  150  9:46  Engineering Bay  
  150  9:55  Marauder, Marine x2  
  150  9:56  Marauder, Siege Tank  
  150  9:59  Medivac  
  155  10:08  Marine  
  155  10:12  Marine  
  155  10:14  Marine  
  156  10:15  Supply Depot  
  150  10:27  Marauder, Marine x3  
  150  10:28  Marauder, Siege Tank  
  142  10:31  Marine  
  142  10:32  Marine  
  142  10:35  Terran Infantry Weapons Level 2  
  147  10:36  Terran Infantry Armor Level 2  
  147  10:40  SCV x2  
  149  10:44  Marine  
  149  10:46  Marauder  
  149  10:47  Viking  
  149  10:49  Marauder x2  
  158  10:53  SCV x2  
  153  11:06  Ghost  
  153  11:09  Marine  
  153  11:10  Marauder  
  157  11:12  Marine  
  157  11:13  Marauder, Marine x2  
  161  11:22  Siege Tank  
  161  11:23  SCV  
  163  11:26  Liberator x2  
  163  11:28  Planetary Fortress  
  163  11:31  Ghost  
  169  11:34  Ghost  
  169  11:35  Marine  
  168  11:41  Orbital Command, SCV  
  168  11:42  SCV  
  168  11:43  Refinery  
  168  11:44  Refinery  
  168  11:47  Ghost  
  168  11:48  Marine x2  
  169  11:59  Ghost  
  171  12:03  Ghost, SCV  
  171  12:04  Orbital Command x2  
  171  12:07  Orbital Command  
  174  12:16  Ghost  
  165  12:28  Ghost  
  162  12:31  Ghost  
  154  12:40  Marine  
  154  12:43  Medivac, Marine  
  154  12:44  Ghost, Marine  
  154  12:45  SCV  
  154  12:50  Marine  
  145  12:57  Marauder, SCV  
  144  12:58  Marine  
  144  13:00  Marauder  
  144  13:01  Marine  
  144  13:02  SCV x2, Marine  
  151  13:08  Marine  
  150  13:16  Marine  
  150  13:19  Medivac x2  
  156  13:23  SCV x2  
  156  13:24  SCV x2  
  156  13:28  Command Center  
  154  13:34  Armory  
  154  13:36  SCV  
  154  13:40  Marine  
  154  13:41  Siege Tank, Marine  
  159  13:42  SCV x2  
  159  13:43  SCV  
  159  13:45  Missile Turret  
  159  13:46  Missile Turret  
  159  13:47  Sensor Tower  
  159  13:50  Medivac x2  
  159  13:58  Marauder x2, Marine  
  159  14:00  SCV  
  163  14:05  Marine  
  163  14:07  Sensor Tower  
  164  14:12  Marine  
  165  14:20  Viking x2  
  165  14:22  Terran Infantry Weapons Level 3  
  169  14:24  Terran Ship Weapons Level 1  
  169  14:32  Marauder x3  
  175  14:47  Marine  
  175  14:52  Liberator x2  
  179  14:53  Marauder x2  
  179  14:56  Sensor Tower  
  179  14:57  Refinery, Missile Turret  
  179  14:59  Marauder  
  188  15:01  Siege Tank  
  191  15:10  Planetary Fortress, Starport  
  191  15:21  Marine x3  
  191  15:22  Marauder x3  
  199  15:37  Marine  
  199  15:40  Marine  
  199  15:42  Ghost  
  191  15:43  Marauder, SCV, Refinery, Marine x2  
  191  15:48  Starport Reactor  
  200  15:50  Missile Turret x2  
  200  15:51  Missile Turret  
  198  15:58  Engineering Bay  
  198  16:00  Viking, Marine x2  
  198  16:01  Marauder, Viking  
  187  16:13  Marauder x2, Marine x2  
  187  16:18  Marine x2  
  174  16:22  Marauder  
  174  16:30  Viking, Marine  
  174  16:31  Viking, Marine  
  176  16:35  Marauder x2  
  176  16:36  Marine x2  
  180  16:46  Marauder, Supply Depot x2  
  168  16:47  Supply Depot  
  168  16:48  Supply Depot, Marine x2  
  168  16:49  Supply Depot  
  168  16:53  Marine  
  168  16:54  Marine  
  146  16:55  Ghost  
  146  16:56  Marauder  
  146  17:00  Viking  
  141  17:03  SCV x3  
  141  17:05  SCV  
  141  17:06  SCV, Marine x2  
  148  17:10  Medivac  
  148  17:11  Marine  
  148  17:12  Liberator x2  
  148  17:14  Marine  
  159  17:19  Marauder  
  159  17:25  Ghost  
  159  17:26  Siege Tank  
  159  17:28  Marine  
  164  17:30  Medivac  
  164  17:31  Terran Infantry Armor Level 3  
  168  17:39  Ghost  
  166  17:54  Marauder, Terran Ship Weapons Level 2  
  166  17:55  Liberator x2  
  169  18:00  Fusion Core  
  169  18:03  Ghost  
  171  18:08  Ghost  
  171  18:10  Liberator  
  171  18:11  Marine  
  174  18:13  Liberator  
  174  18:15  Marauder  
  174  18:17  Marine x3  
  176  18:29  Marine  
  176  18:32  Marauder  
  165  18:34  Marine x2  
  165  18:35  Marine  
  165  18:37  Marauder x2  
  147  18:47  Marine  
  132  18:52  Marine x2  
  132  18:53  Marauder, Marine  
  133  18:58  Marauder  
  133  18:59  Marauder  
  133  19:00  SCV x2  
  139  19:04  Command Center, Siege Tank  
  139  19:05  Marine  
  139  19:06  Orbital Command  
  139  19:07  Medivac x2  
  147  19:10  Marine x3  
  150  19:20  Ghost  
  151  19:34  SCV x4  
  157  19:40  SCV  
  157  19:43  Liberator  
  157  19:44  Marine x3  
  157  19:45  Marauder, Marine x2  
  165  19:46  SCV x2  
  165  19:49  Marine  
  165  19:51  SCV x2  
  165  19:52  SCV  
  166  20:01  Marine x2  
  166  20:02  Marine  
  152  20:09  Ghost  
  152  20:10  Marauder x2, Marine  
  152  20:19  Marine x2  
  152  20:21  Marine  
  155  20:25  Refinery x2  
  155  20:27  Marine  
  155  20:28  SCV  
  155  20:31  Marauder  
  155  20:32  Marauder  
  155  20:33  SCV  
  158  20:37  Marine x2  
  158  20:38  Marauder, Marine  
  158  20:39  SCV x3  
  158  20:41  Liberator  
  169  20:45  Marine  
  170  20:52  Marine  
  170  20:55  Marine x2  
  175  21:01  Command Center  
  169  21:06  Liberator  
  172  21:13  Ghost  
  161  21:20  Marauder, Marine  
  161  21:27  Marine  
  161  21:30  Marine x2  
  161  21:31  Marauder  
  165  21:35  Supply Depot  

Tags
 
Add a new tag
Caveats
  • Supply blocks, unpowered buildings, or Contaminate may cause inaccurate times.
  • Supply counts are checked every 10 seconds.